 Dungeon Crawl Stone Soup version 0.30-a0-782-ge64f9170bb (webtiles) character file.

Game seed: 313481536002408084

371 vineage the Trooper (level 6, -1/44 HPs)
             Began as a Gargoyle Fighter on Feb 27, 2023.
             Slain by a gnoll
             ... wielding a +0 spear
             ... led by a gnoll sergeant
              (8 damage)
             ... on level 4 of the Dungeon.
             The game lasted 00:03:42 (2710 turns).

vineage the Trooper (Gargoyle Fighter)              Turns: 2710, Time: 00:03:43

Health: -1/44      AC: 11    Str: 22    XL:     6   Next: 70%
Magic:  6/6        EV:  9    Int:  8    God:
Gold:   291        SH:  4    Dex:  9    Spells: 5/5 levels left

rFire   . . .      SeeInvis .    f - +1 flail (venom)
rCold   . . .      Faith    .    c - +0 buckler
rNeg    + . .      Spirit   .    b - +0 scale mail
rPois   ∞          Reflect  .    (no helmet)
rElec   +          Harm     .    (no cloak)
rCorr   .          Rampage  .    (no gloves)
Will    .....                    (no boots) Stlth
                                 (no amulet)
HPRegen 0.27/turn                (no ring)
MPRegen 0.10/turn                (no ring)

@: mighty
A: sickness immunity, AC +4, negative energy resistance 1, electricity
resistance, torment resistance 1, petrification resistance
a: no special abilities


You were on level 4 of the Dungeon.
You visited 1 branch of the dungeon, and saw 4 of its levels.

You collected 291 gold pieces.

Inventory:

Hand Weapons
 a - a +1 flail
 f - a +1 flail of venom (weapon)
Armour
 b - a +0 scale mail (worn)
 c - a +0 buckler (worn)
Jewellery
 n - a ring of flight
Wands
 l - a wand of polymorph (3)
Scrolls
 h - 3 scrolls of identify
 k - 2 scrolls of enchant weapon
 m - a scroll of immolation {unknown}
 o - a scroll of fog
 q - a scroll of teleportation
 s - a scroll of fear {unknown}
Potions
 d - a potion of might
 e - a potion of curing
 g - a potion of haste
 i - a potion of invisibility {unknown}
 j - 2 potions of brilliance
 p - a potion of mutation {unknown}
 r - a potion of ambrosia {unknown}


   Skills:
 + Level 7.0 Fighting
 + Level 2.7 Maces & Flails
 + Level 4.0 Armour
 + Level 4.0 Shields


You had 5 spell levels left.
You didn't know any spells.
Your spell library contained the following spells:

 Spells                   Type           Power      Damage    Failure   Level
 Dazzling Flash           Conj/Hex       0%         N/A       99%         3
 Agony                    Necr           0%         N/A       100%        5
 Silence                  Hex/Air        0%         N/A       100%        5


Dungeon Overview and Level Annotations

Branches:
Dungeon (4/15)
 Temple: D:4-7

Altars:
Zin

Shops:
D:3 ?

Annotations:
D:4 Natasha


Innate Abilities, Weirdness & Mutations

You are immune to sickness and miasma.
Your stone body is resilient. (AC +4)
You are immune to poison.
You resist negative energy. (rN+)
You are resistant to electric shocks. (rElec)
You are resistant to unholy torment.
You are immune to petrification.


Message History

Natasha casts a spell.
You sock the gnoll sergeant!
You kill the gnoll sergeant!
The crimson imp blinks!
The white imp laughs crazily.
Your Fighting skill increases to level 7!
Your Armour skill increases to level 4!
You hit the gnoll.
The gnoll is poisoned.
The gnoll is heavily wounded.
The gnoll hits you from afar with a +0 spear.
The gnoll hits you but does no damage. The gnoll barely misses you.
The gnoll hits you with a +0 flail.
* * * LOW HITPOINT WARNING * * *
The gnoll hits you but does no damage.
You feel better. The gnoll hits you but does no damage.
The gnoll hits you with a +0 flail. The gnoll hits you but does no damage.
You kill the gnoll!
The crimson imp laughs crazily.
Your Shields skill increases to level 4!
Natasha stares at you and mumbles some strange words.
The magic dart hits you!
* * * LOW HITPOINT WARNING * * *
There is an open door here.
The crimson imp attacks as you move away!
The crimson imp hits you.
* * * LOW HITPOINT WARNING * * *
You thump the crimson imp!
The crimson imp is poisoned.
The crimson imp is heavily wounded.
The crimson imp hits you but does no damage.
You block the gnoll's attack.
You thump the crimson imp!
You kill the crimson imp!
The crimson imp disappears in a puff of smoke!
The gnoll barely misses you.
You barely miss Natasha.
The gnoll hits you from afar with a +0 spear.
* * * LOW HITPOINT WARNING * * *
Natasha claws you but does no damage.
The gnoll hits you from afar with a +0 spear!
You die...

....................#.....#......
....................#.....#......
....................#.....#<.....
.>.............##...#.....#......
...............##...#...†.#.....#
######.........#....#.....#†....#
....##.........#....#.....#.....+
....+..........#....#.....#.....#
....#.........gh@...#.....#.....#
....##...##...g#....#.....#.....#
....##...##.5..##...#.....#.....#
.........))....###'##.....'.....#
....##...##....##...#.....#.....#
....##...########...#.....#.....#
.........#.....#....'.....###†###
........h#.....+....#............
......g..#.....#....#............


You could see Natasha, 2 gnolls and a white imp (summoned).

Vanquished Creatures
  A gnoll sergeant (D:4)
  2 iguanas
  Natasha (twice) (D:4)
  An orc wizard (D:4)
  Robin (D:2)
  5 adders
  A gnoll (D:4)
  A worm (D:3)
  2 dart slugs
  6 orcs
  8 endoplasms
  3 giant cockroaches
  19 goblins
  12 hobgoblins
  5 jackals
  3 quokkas
  6 ball pythons
  5 bats
  2 frilled lizards (D:1)
  6 kobolds
  7 rats
98 creatures vanquished.

Notes
Turn   | Place    | Note
-------+----------+-------------------------------------------
     0 | D:1      | vineage the Gargoyle Fighter began the quest for the Orb.
     0 | D:1      | Reached XP level 1. HP: 14/14 MP: 1/1
   159 | D:1      | Reached XP level 2. HP: 19/20 MP: 2/2
   179 | D:1      | Reached skill level 4 in Fighting
   438 | D:1      | You fall into a shaft and drop 1 floor!
   438 | D:2      | Found a glowing silver altar of Zin.
   492 | D:2      | Noticed Robin
   501 | D:2      | Reached XP level 3. HP: 24/24 MP: 3/3
   520 | D:2      | Killed Robin
   521 | D:2      | Reached skill level 5 in Fighting
   559 | D:2      | Reached XP level 4. HP: 18/31 MP: 4/4
  1176 | D:2      | Found a faded altar of an unknown god.
  1187 | D:2      | Reached skill level 6 in Fighting
  1318 | D:2      | Identified the +5 sling of Barnacled Purpose {freeze, rN+
                  | Int+4 SInv}
  1509 | D:3      | Reached XP level 5. HP: 27/36 MP: 5/5
  1710 | D:3      | Found Qogaemn's Magic Scroll Emporium.
  2338 | D:4      | Reached XP level 6. HP: 41/42 MP: 6/6
  2500 | D:4      | Noticed Natasha
  2503 | D:4      | Killed Natasha
  2634 | D:4      | Noticed Natasha
  2647 | D:4      | Killed Natasha
  2673 | D:4      | Noticed Natasha
  2700 | D:4      | Reached skill level 7 in Fighting
  2710 | D:4      | Slain by a gnoll

Illustrated notes

Levels and vault maps discovered:
D:1:      lightli_arrival_maybe_door_vault, layout_basic
D:2:      layout_rooms, basic_altar, ebering_ecumenical_altar_petrified,
          uniq_robin
D:3:      layout_basic, serial_shops, shop_statue
D:4:      layout_gridville, uniq_natasha

Skill      XL: |  1  2  3  4  5  6 |
---------------+-------------------+-----
Fighting       | 4 5 6 7 |  7.0
Armour         | 4 |  4.0
Shields        | 4 |  4.0
Maces & Flails | |  2.7

Action                     |  1- 3 |  4- 6 || total
---------------------------+-------+-------++-------
  Melee: Flail             |   130 |   184 ||   314
    Use: Scroll            |       |    12 ||    12
         Potion            |       |     2 ||     2
 Armour: Scale mail        |    68 |   118 ||   186
  Dodge: Dodged            |    70 |    96 ||   166
  Block: Buckler           |    37 |    44 ||    81

Table legend: (Time is in decaauts)
 A = Elapsed time spent in this place.
 B = Non-inter-level travel time spent in this place.
 C = Inter-level travel time spent in this place.
 D = Time resting spent in this place.
 E = Time spent auto-exploring this place.
 F = Levels seen in this place.
 G = Mean time per level.
                   A        B        C        D        E       F      G
               +--------+--------+--------+--------+--------+-----+--------+
         Total |   2833 |   2766 |     67 |     78 |   1942 |   4 |  708.2 |
       Dungeon |   2833 |   2766 |     67 |     78 |   1942 |   4 |  708.2 |
               +--------+--------+--------+--------+--------+-----+--------+

Top non-repeatable levels by time:
     D:3: 808 daAuts
     D:2: 759 daAuts
     D:1: 739 daAuts
     D:4: 525 daAuts
